 Dungeon Crawl Stone Soup version 0.16.1-51-g6203257 (webtiles) character file.

926 kae the Conjurer (level 8, -11/41 HPs)
             Began as a Tengu Fire Elementalist on July 2, 2015.
             Killed from afar by a crimson imp (19 damage)
             ... with a wand of frost
             ... on level 5 of the Dungeon.
             The game lasted 00:08:00 (5843 turns).

kae the Conjurer (Tengu Fire Elementalist)          Turns: 5843, Time: 00:08:00

Health: -11/41     AC:  6    Str:  9    XL:     8   Next: 10%
Magic:  19/19      EV: 12    Int: 18    God:
Gold:   102        SH:  0    Dex: 14    Spells: 4 memorised, 4 levels left

rFire  + . .     SeeInvis .     f - +0 spear
rCold  x . .     Clarity  .     a - +1 robe
rNeg   . . .     SustAb   .     (no shield)
rPois  .         Gourm    .     (helmet restricted)
rElec  .         Spirit   .     o - +2 cloak
rCorr  .         Warding  .     (no gloves)
rMut   .         Stasis   .     (boots unavailable)
MR     .....                    (no amulet)
Stlth  ++........               (no ring)
                                l - ring of fire

@: not resistant to hostile enchantments, unstealthy
A: able to fly, beak, talons 3
a: Fly


You were on level 5 of the Dungeon.
You were very hungry.

You visited 1 branch of the dungeon, and saw 5 of its levels.

You collected 187 gold pieces.
You spent 85 gold pieces at shops.

Inventory:

Hand weapons
 e - a cursed +1 dagger
 f - a +0 spear (weapon)
Armour
 a - a +1 robe (worn)
 o - a +2 cloak (worn)
Jewellery
 l - a ring of fire (left hand)
Magical devices
 p - a wand of cold (9)
Scrolls
 d - a scroll of fear
 g - 2 scrolls of enchant armour
 i - a scroll of teleportation
 k - a scroll of recharging {unknown}
 n - a scroll of identify
 u - a scroll of immolation {unknown}
Potions
 j - a potion of cure mutation {unknown}
 q - 2 potions of decay
 r - a potion of restore abilities
Books
 b - a book of Flames

   Spells                             Type                      Level
   a - Flame Tongue                   Conjuration/Fire             1
   b - Throw Flame                    Conjuration/Fire             2
   c - Conjure Flame                  Conjuration/Fire             3
   d - Inner Flame                    Hexes/Fire                   3
   e - Sticky Flame                   Conjuration/Fire             4
   f - Fireball                       Conjuration/Fire             5
Comestibles
 c - 5 bread rations
 h - 4 meat rations
 m - 2 slices of pizza
 s - a beef jerky
 t - a royal jelly


   Skills:
 - Level 2.1 Dodging
 - Level 2.0 Stealth
 + Level 3.9 Spellcasting
 * Level 7.4 Conjurations
 * Level 7.2 Fire Magic


You had 4 spell levels left.
You knew the following spells:

 Your Spells              Type           Power        Failure   Level  Hunger
a - Flame Tongue          Conj/Fire      #####        1%          1    None
b - Throw Flame           Conj/Fire      #####.       1%          2    ##.....
c - Conjure Flame         Conj/Fire      #####...     2%          3    ###....
d - Sticky Flame          Conj/Fire      #####...     10%         4    ####...


Dungeon Overview and Level Annotations

Branches:
Dungeon (5/15)
 Temple: D:4-7

Altars:
Qazlal
Xom
The Shining One

Shops:
D:4 [


Innate Abilities, Weirdness & Mutations

You can fly.
You have a beak for a mouth.
You have claws for feet.


Message History

You reach to attack!
You hit the crimson imp.
The crimson imp is lightly wounded.
The crimson imp zaps a wand.
The puff of frost hits you!
You feel a terrible chill!
Attack whom?
Press: ? - help, Dir - move target cursor, f/p - crimson imp
Aim: a crimson imp, carrying a wand of frost {zapped: 3} You reach to attack!
You hit the crimson imp.
The crimson imp is lightly wounded.
You hit the crimson imp but do no damage.
You claw the crimson imp, but do no damage.
The crimson imp zaps a wand.
The puff of frost hits you!
You feel a terrible chill!
* * * LOW HITPOINT WARNING * * *
You are too injured to fight recklessly!
Drink which item? (? for menu, Esc to quit)
It was a potion of restore abilities.
You feel refreshed.
The crimson imp zaps a wand.
The puff of frost hits you!
You feel a terrible chill!
You die...

**...** ##.# *,,...*
#.# ,,**#.#* #.# *,*
*#.#* #.#### *,*
*#.###....#* *,*
#.....##..# *,*
##....#*#.## *,*
##.5.## #..# ..#
##...## *#@#
..####....## ###5#**
###........# #.'_+,#
#*#........# #.#+#.#
#,...###...###.#...#
...##* ##....#...#**
..#* ###..5..## ##*
###..## ####*


You could see a crimson imp.

Vanquished Creatures
  The ghost of SaintRoka the Caller, an average NaSu (D:4)
  Menkaure (D:5)
  A sky beast (D:5)
  An ogre (D:4)
  Sigmund (D:4)
  Crazy Yiuf (D:4)
  A crimson imp (D:5)
  A hound (D:4)
  An orc priest (D:4)
  3 orc wizards (D:4)
  A worker ant (D:5)
  An iguana (D:4)
  A worker ant zombie (D:3)
  3 gnolls (D:4)
  4 adders
  An adder skeleton (D:4)
  4 giant geckos
  An ooze (D:3)
  15 orcs
  10 giant cockroaches
  7 goblins
  5 hobgoblins
  9 jackals
  6 kobolds
  2 quokkas (D:4)
  14 bats
  2 giant newts (D:1)
  13 rats
111 creatures vanquished.

Notes
Turn   | Place    | Note
--------------------------------------------------------------
     0 | D:1      | kae, the Tengu Fire Elementalist, began the quest for the Orb.
     0 | D:1      | Reached XP level 1. HP: 10/10 MP: 3/3
   158 | D:1      | Reached XP level 2. HP: 4/15 MP: 3/5
  1107 | D:1      | Reached skill level 4 in Fire Magic
  1245 | D:2      | Reached XP level 3. HP: 11/19 MP: 5/7
  1258 | D:2      | Learned a level 2 spell: Throw Flame
  1262 | D:2      | Learned a level 3 spell: Conjure Flame
  1356 | D:2      | Found a shimmering altar of Xom.
  1358 | D:2      | Found a shimmering altar of Xom.
  1360 | D:2      | Found a shimmering altar of Xom.
  1361 | D:2      | Found a shimmering altar of Xom.
  1363 | D:2      | Found a shimmering altar of Xom.
  1363 | D:2      | Found a shimmering altar of Xom.
  1913 | D:2      | Found a stormy altar of Qazlal.
  2069 | D:3      | Reached XP level 4. HP: 20/24 MP: 5/9
  2406 | D:3      | You fall through a shaft for 2 floors!
  2406 | D:5      | Entered Level 5 of the Dungeon
  3213 | D:4      | Reached XP level 5. HP: 28/28 MP: 0/11
  3406 | D:4      | Noticed SaintRoka's ghost (average NaSu)
  3417 | D:4      | Killed SaintRoka's ghost
  3417 | D:4      | Reached skill level 5 in Fire Magic
  3417 | D:4      | Reached XP level 6. HP: 27/32 MP: 5/14
  3507 | D:4      | Reached skill level 5 in Conjurations
  3859 | D:4      | Noticed an ogre
  3873 | D:4      | Killed an ogre
  3873 | D:4      | Reached skill level 6 in Fire Magic
  3873 | D:4      | Reached XP level 7. HP: 36/36 MP: 7/16
  4155 | D:4      | Found Xaxaloh's Antique Armour Emporium.
  4161 | D:4      | Bought an embroidered cloak for 85 gold pieces
  4195 | D:4      | Noticed Sigmund
  4283 | D:4      | Killed Sigmund
  5070 | D:4      | Noticed Crazy Yiuf
  5077 | D:4      | Killed Crazy Yiuf
  5398 | D:5      | Reached skill level 7 in Conjurations
  5633 | D:5      | Noticed Menkaure
  5660 | D:5      | Learned a level 4 spell: Sticky Flame
  5676 | D:5      | Killed Menkaure
  5676 | D:5      | Reached XP level 8. HP: 41/41 MP: 12/19
  5831 | D:5      | Found a glowing golden altar of the Shining One.
  5843 | D:5      | Killed from afar by a crimson imp

Action                   |  1- 3 |  4- 6 |  7- 9 || total
-------------------------+-------+-------+-------++-------
Melee: Unarmed           |     8 |       |       ||     8
       Dagger            |    67 |    50 |       ||   117
       Spear             |       |    29 |    71 ||   100
 Cast: Flame Tongue      |    39 |    53 |    69 ||   161
       Throw Flame       |     2 |     2 |     5 ||     9
       Conjure Flame     |       |     2 |     6 ||     8
  Use: Scroll            |       |     8 |     2 ||    10
       Potion            |       |     1 |     1 ||     2
 Stab: Sleeping          |       |     7 |     2 ||     9
  Eat: Chunk             |     4 |     5 |     6 ||    15
       Pizza             |       |     1 |       ||     1
